 Dungeon Crawl Stone Soup version 0.30-a0-691-g754fce4c43 (webtiles) character file.

Game seed: 2343047919075872074

6218 hikkokomori the Cleaver (level 10, -2/96 HPs)
             Began as a Minotaur Berserker on Jan 20, 2023.
             Was a High Priest of Trog.
             Slain by a kobold brigand
             ... wielding a +0 dagger
              (7 damage)
             ... on level 9 of the Dungeon.
             The game lasted 00:20:31 (7487 turns).

hikkokomori the Cleaver (Minotaur Berserker)        Turns: 7487, Time: 00:20:32

Health: -2/96      AC: 12    Str: 26    XL:     10   Next: 61%
Magic:  9/9        EV: 11    Int:  4    God:    Trog [*****.]
Gold:   601        SH:  3    Dex: 10    Spells: 9/9 levels left

rFire   . . .      SeeInvis .    y - +0 war axe (heavy)
rCold   + + .      Faith    .    n - +0 buckler
rNeg    . . .      Spirit   .    z - +3 ring mail {rC+}
rPois   +          Reflect  .    (helmet restricted)
rElec   .          Harm     .    r - +2 cloak
rCorr   .          Rampage  .    (no gloves)
Will    .....                    (no boots) Stlth
                                 (no amulet)
HPRegen 0.36/turn                i - ring of poison resistance
MPRegen 0.11/turn                s - ring of protection from cold

@: no status effects
A: horns 2, retaliatory headbutt
a: Renounce Religion, Berserk, Trog's Hand, Brothers in Arms


You were on level 9 of the Dungeon.
You worshipped Trog.
Trog was extremely pleased with you.
You visited 2 branches of the dungeon, and saw 10 of its levels.

You collected 601 gold pieces.

Inventory:

Hand Weapons
 a - a +0 hand axe
 b - a +0 battleaxe
 y - a +0 heavy war axe (weapon)
 A - a +3 hand axe of freezing
Missiles
 C - a throwing net (quivered)
Armour
 n - a +0 buckler (worn)
 p - a +0 ring mail
 r - a +2 cloak (worn)
 v - a +3 leather armour
 z - a +3 ring mail of cold resistance (worn)
 F - a +0 plate armour
Jewellery
 i - a ring of poison resistance (left hand)
 s - a ring of protection from cold (right hand)
 u - an amulet of guardian spirit
 x - the Hermit's Pendant {Faith Invo=14 Evo=0 MP+5}
   (You found it on level 4 of the Dungeon)

   [amulet of faith]

   Invo=14: It sets your Invocations skill to 14.
   Evo=0: It sets your Evocations skill to 0.
   It allows you to gain divine favour quickly.
   MP:        It affects your magic capacity (+5).
 B - a ring of protection from cold
 G - a ring of positive energy
 M - a +6 ring of intelligence
Wands
 o - a wand of iceblast (1)
 q - a wand of quicksilver (25)
 w - a wand of digging (7)
 K - a wand of charming (10)
Scrolls
 e - a scroll of fear
 f - 2 scrolls of blinking
 g - 2 scrolls of enchant armour
 j - 2 scrolls of immolation
 l - a scroll of teleportation
 J - a scroll of vulnerability {unknown}
Potions
 c - 5 potions of curing
 d - 4 potions of heal wounds {unknown}
 h - 3 potions of haste {unknown}
 k - a potion of might
 m - 4 potions of flight
 t - 2 potions of mutation
 D - a potion of lignification {unknown}
 E - 2 potions of attraction {unknown}
 H - 2 potions of brilliance {unknown}
 I - a potion of degeneration {unknown}
 L - a potion of invisibility {unknown}


   Skills:
 + Level 11.6 Fighting
 + Level 11.6 Axes
 - Level 3.8 Armour
 - Level 3.4 Dodging
 + Level 8.0 Evocations


You had 9 spell levels left.
You didn't know any spells.
Your spell library was empty.

Dungeon Overview and Level Annotations

Branches:
Dungeon (9/15)             Temple (1/1) D:4            Lair (0/5) D:8
    Orc: D:9-12

Altars:
Ashenzari
Dithmenos
Elyvilon
Fedhas
Gozag
Hepliaklqana
Kikubaaqudgha
Makhleb
Okawaru
Ru
Sif Muna
Uskayaw
Wu Jian
Xom
Yredelemnul
Zin
The Shining One

Shops:
D:5 [   D:9 *

Annotations:
D:7 1 runed translucent door, GimliDwarf's ghost, novice TeCj


Innate Abilities, Weirdness & Mutations

You have a pair of horns on your head.
You reflexively headbutt those who attack you in melee.


Message History

The iceblast engulfs the kobold!
You kill the kobold!
Trog accepts your kill.
The iceblast engulfs the orc wizard!!
You kill the orc wizard!
Trog accepts your kill.
Trog appreciates your killing of a magic user.
You feel sick.
Unknown command.
Unknown command.
You feel sick. Something barely misses you.
Things that are here:
a +0 dagger; a +0 robe Unknown command.
You feel sick.
You hear some strange, mumbled words.
Something tries to affect you, but you resist.
Items here: )))) [[ †.
You hit the kobold brigand.
Your headbutt misses the kobold brigand.
The kobold brigand is lightly wounded.
You slash something! Trog accepts your kill.
Trog appreciates your killing of a magic user.
Reactivating autopickup.
You feel a bit more experienced.
You feel a little less mighty now.
You feel sick.
The kobold brigand hits you with a +0 dagger!
* * * LOW HITPOINT WARNING * * *
You closely miss the kobold brigand.
The kobold brigand is lightly wounded.
You feel sick.
The kobold brigand hits you but does no damage. x2
You closely miss the kobold brigand.
The kobold brigand is lightly wounded.
You feel sick.
You are no longer poisoned.
The kobold brigand hits you with a +0 dagger!
You die...

#...~~K≈≈≈~~~..
#...†#≈≈≈≈≈#~..
###...~#≈###≈#~..
.'...~#≈≈≈≈≈#≈..
#...~≈~~≈~≈~~..
#..............
#...)).†)......
#....K.)).....<
#....@)))......
###..)))#######
######.....###
#....).......#
#....).......#
#.......$....#
#...........[#
#......!.....#
#..∩.........#


You could see a kobold brigand.

Vanquished Creatures
  Maurice (D:8)
  A hornet (D:8)
  A wyvern (D:9)
  Grum (D:8)
  3 basilisks (D:8)
  2 water moccasins
  A swamp drake (D:8)
  5 orc warriors
  A black bear (D:5)
  An ice beast (D:5)
  2 sky beasts
  3 ogres
  2 wolves (D:8)
  4 centaurs
  6 phantoms
  2 kobold brigands (D:8)
  4 bullfrogs
  A gnoll sergeant (D:5)
  2 scorpions
  13 wights
  11 killer bees
  An electric eel (D:9)
  A howler monkey (D:6)
  2 hounds
  3 jellies
  5 orc priests
  Crazy Yiuf (D:2)
  Ijyb (D:3)
  Natasha (thrice) (D:2)
  2 iguanas
  7 orc wizards (D:9)
  5 gnolls (D:5)
  4 adders
  4 white imps
  An ufetubus (D:6)
  3 dart slugs
  37 orcs
  8 endoplasms
  4 giant cockroaches
  4 goblins
  6 hobgoblins
  4 jackals (D:1)
  18 kobolds
  2 quokkas
  4 ball pythons
  3 bats
  2 frilled lizards
  3 rats (D:1)
205 creatures vanquished.

Notes
Turn   | Place    | Note
-------+----------+-------------------------------------------
     0 | D:1      | hikkokomori the Minotaur Berserker began the quest for the
                  | Orb.
     0 | D:1      | Reached XP level 1. HP: 19/19 MP: 0/0
   113 | D:1      | Reached XP level 2. HP: 27/27 MP: 1/1
   133 | D:1      | Found a faded altar of an unknown god.
   499 | D:1      | Reached XP level 3. HP: 26/33 MP: 2/2
   538 | D:1      | Reached ** piety under Trog
  1138 | D:2      | Noticed Natasha
  1147 | D:2      | Killed Natasha
  1148 | D:2      | Reached XP level 4. HP: 33/41 MP: 3/3
  1169 | D:2      | Noticed Natasha
  1179 | D:2      | Killed Natasha
  1371 | D:2      | Found a runed translucent door.
  1372 | D:2      | Noticed Crazy Yiuf
  1389 | D:2      | Noticed Natasha
  1401 | D:2      | Killed Natasha
  1604 | D:2      | Found a blossoming altar of Fedhas.
  1703 | D:2      | Killed Crazy Yiuf
  1704 | D:2      | Reached XP level 5. HP: 36/47 MP: 4/4
  1796 | D:3      | Found an ornate altar of the Wu Jian Council.
  1796 | D:3      | Found a glowing golden altar of the Shining One.
  1796 | D:3      | Found a hazy altar of Hepliaklqana.
  1796 | D:3      | Found a glowing silver altar of Zin.
  1796 | D:3      | Found a white marble altar of Elyvilon.
  1797 | D:3      | Found an ancient bone altar of Kikubaaqudgha.
  1797 | D:3      | Found an opulent altar of Gozag.
  1798 | D:3      | Found a hide-covered altar of Uskayaw.
  1816 | D:3      | Noticed Ijyb
  1826 | D:3      | Killed Ijyb
  2011 | D:3      | Reached skill level 5 in Axes
  2052 | D:3      | Found a sacrificial altar of Ru.
  2293 | D:4      | Found a staircase to the Ecumenical Temple.
  2301 | D:4      | Reached skill level 5 in Fighting
  2308 | Temple   | Entered the Ecumenical Temple
  2370 | D:4      | Found the Hermit's Pendant {Faith Invo=14 Evo=0 MP+5}
  2384 | D:4      | Reached skill level 1 in Evocations
  2715 | D:4      | Reached XP level 6. HP: 45/56 MP: 5/5
  2975 | D:5      | Entered Level 5 of the Dungeon
  3006 | D:5      | Identified the +3 short sword of the Whelk {holy, rPois
                  | Will+}
  3047 | D:5      | Reached *** piety under Trog
  3055 | D:5      | Reached XP level 7. HP: 25/63 MP: 6/6
  3503 | D:5      | Found Hussoiw's Armour Shop.
  3835 | D:5      | Reached XP level 8. HP: 25/73 MP: 7/7
  4814 | D:6      | Reached skill level 5 in Evocations
  5548 | D:7      | Reached XP level 9. HP: 82/82 MP: 8/8
  5840 | D:7      | Reached **** piety under Trog
  5905 | D:7      | Found a runed translucent door.
  5907 | D:7      | Found a shimmering altar of Xom.
  5907 | D:7      | Noticed GimliDwarf's ghost (novice TeCj)
  5907 | D:7      | Noticed a +1 scimitar of chaos
  6159 | D:8      | Reached skill level 10 in Fighting
  6159 | D:8      | Reached skill level 10 in Axes
  6302 | D:8      | Noticed Grum
  6318 | D:8      | Killed Grum
  6539 | D:8      | Noticed Maurice
  6543 | D:8      | Reached XP level 10. HP: 94/94 MP: 9/9
  6546 | D:8      | Killed Maurice
  7010 | D:8      | Found a staircase to the Lair.
  7451 | D:9      | Found Sianoph's Assorted Antiques.
  7481 | D:9      | Reached ***** piety under Trog
  7487 | D:9      | Slain by a kobold brigand

Illustrated notes

Levels and vault maps discovered:
D:1:      lordsloth_arrival_two_stooges, layout_rooms,
          shapermc_ecumenical_altar_starsandcircs, serial_co_window_serial,
          co_window_corner_a, co_window_paths_a, co_window_of_opportunity_a,
          co_window_paths_a, co_window_paths_a, co_window_broadway_b,
          co_window_corner_b, co_window_broadway_c, co_window_of_opportunity_b,
          co_window_unsneaky_path_a, co_window_4corner_b, co_window_4corner_a,
          chequers_serial_rivers_micro_b, hangedman_decor_push, st_stairs_12,
          grunt_decor_one_mirror
D:2:      layout_rooms, basic_altar, uniq_natasha, uniq_crazy_yiuf_cottage
D:3:      layout_rooms, grunt_temple_overflow_open, lemuel_tele_altar,
          chequers_garden, uniq_ijyb
D:4:      layout_gridville, minmay_temple_entry_stoned_glass
D:5:      layout_cave_pools, serial_shops, nicolae_shop_hallway_stairs,
          minmay_misc_feat_tower
D:6:      layout_loops_corners
D:7:      layout_loops_cross, ebering_ghost_xom
D:8:      layout_rooms, erik_lair_dragon, uniq_maurice, uniq_grum
D:9:      layout_roguey, david_orc_1_choice, serial_shops, shop,
          minmay_crystal_water
Temple:   nicolae_temple_god_jail

Skill      XL: |  1  2  3  4  5  6  7  8  9 10 |
---------------+-------------------------------+-----
Axes           | 4 5 6 7 8 10 11 | 11.6
Fighting       | 4 5 6 7 8 10 11 | 11.6
Armour         | 3 |  3.8
Dodging        | 3 |  3.4
Evocations     | 1 2 3 5 7 8 |  8.0

Action                   |  1- 3 |  4- 6 |  7- 9 | 10-12 || total
-------------------------+-------+-------+-------+-------++-------
Melee: Hand axe          |    62 |    51 |       |       ||   113
       Headbutt          |     8 |    15 |    23 |     5 ||    51
       War axe           |       |    28 |   169 |    65 ||   262
Invok: Berserk           |       |     2 |     5 |     2 ||     9
Evoke: Wand              |       |       |       |     4 ||     4
  Use: Scroll            |       |     4 |     7 |       ||    11
       Potion            |       |       |       |     1 ||     1
Armor: Animal skin       |     6 |     2 |       |       ||     8
       Ring mail         |       |    18 |    76 |    64 ||   158
       Leather armour    |       |     8 |       |       ||     8
Dodge: Dodged            |    63 |    67 |   128 |    67 ||   325
Block: Buckler           |       |     8 |    28 |    11 ||    47

Table legend: (Time is in decaauts)
 A = Elapsed time spent in this place.
 B = Non-inter-level travel time spent in this place.
 C = Inter-level travel time spent in this place.
 D = Time resting spent in this place.
 E = Time spent auto-exploring this place.
 F = Levels seen in this place.
 G = Mean time per level.
                   A        B        C        D        E       F      G
               +--------+--------+--------+--------+--------+-----+--------+
         Total |   7743 |   7330 |    413 |    442 |   5434 |  10 |  774.3 |
       Dungeon |   7699 |   7286 |    413 |    442 |   5418 |   9 |  855.4 |
        Temple |     43 |     43 |      0 |      0 |     16 |   1 |   43.0 |
               +--------+--------+--------+--------+--------+-----+--------+

Top non-repeatable levels by time:
     D:5: 1334 daAuts
     D:8: 1129 daAuts
     D:7: 1129 daAuts
     D:1: 982 daAuts
     D:6: 923 daAuts
     D:2: 854 daAuts
     D:4: 699 daAuts
     D:3: 515 daAuts
     D:9: 131 daAuts
  Temple: 43 daAuts
